 Dungeon Crawl Stone Soup version 0.18.1-8-gdd0e5ea (webtiles) character file.

1172 tyrsky the Basher (level 8, -2/74 HPs)
             Began as a Troll Fighter on May 24, 2016.
             Splashed by a jelly's acid (6 damage)
             ... on level 5 of the Dungeon.
             The game lasted 00:10:51 (2925 turns).

tyrsky the Basher (Troll Fighter)                   Turns: 2925, Time: 00:10:52

Health: -2/74      AC: -15   Str: 27    XL:     8   Next: 18%
Magic:  7/7        EV:  8    Int:  4    God:
Gold:   84         SH:  9    Dex:  9    Spells: 0 memorised, 7 levels left

rFire  . . .     SeeInvis .     a - +1 flail
rCold  . . .     Gourm    +     b - +0 robe
rNeg   . . .     Faith    .     c - +0 shield
rPois  .         Spirit   .     (helmet restricted)
rElec  .         Dismiss  +     (no cloak)
rCorr  .         Reflect  .     (gloves unavailable)
SustAt .         Harm     .     (boots unavailable)
MR     .....                    r - amulet of dismissal
Stlth  +.........               (no ring)
                                (no ring)

@: corroded, not resistant to hostile enchantments, very unstealthy
A: unfitting armour, claws 3, fast metabolism 3, gourmand, regeneration 2,
shaggy fur 1, tough skin 2
a: no special abilities


You were on level 5 of the Dungeon.
You were not hungry.

You visited 1 branch of the dungeon, and saw 5 of its levels.

You collected 126 gold pieces.
You spent 42 gold pieces at shops.

Inventory:

Hand Weapons
 a - a +1 flail (weapon)
Missiles
 k - 26 stones (quivered)
Armour
 b - a +0 robe (worn)
 c - a +0 shield (worn)
Jewellery
 q - an uncursed amulet of faith
 r - an amulet of dismissal (around neck)
Scrolls
 g - 2 scrolls of teleportation
 h - 2 scrolls of fear {unknown}
 i - 2 scrolls of identify {@*1}
 n - a scroll of immolation {unknown}
 o - 2 scrolls of remove curse {unknown}
 s - a scroll of random uselessness {unknown}
 t - a scroll of blinking {unknown}
Potions
 d - a potion of cancellation {unknown}
 e - a potion of lignification {unknown}
 j - a potion of ambrosia {unknown}
 l - a potion of heal wounds {unknown}
 m - a potion of mutation {unknown}
 v - a potion of brilliance {unknown}
Comestibles
 f - 3 bread rations
 p - 5 fruits
 u - a meat ration


   Skills:
 - Level 2.4 Fighting
 + Level 9.1 Maces & Flails
 - Level 2.4 Dodging
 - Level 2.4 Shields


You had 7 spell levels left.
You didn't know any spells.

Dungeon Overview and Level Annotations

Branches:
Dungeon (5/15)
 Temple: D:4-7

Altars:
Ashenzari
Sif Muna
Trog
Xom

Shops:
D:4 ?   D:5 *


Innate Abilities, Weirdness & Mutations

You are too large for most types of armour.
You have claws for hands.
Your metabolism is lightning-fast.
You like to eat raw meat.
You heal very quickly.
You are covered in fur (AC +1).
You have very tough skin (AC +2).


Message History

The hound bites you. x2
You block the water moccasin zombie's attack.
The jelly hits you.
* * * LOW HITPOINT WARNING * * *
You are splashed with acid!
The acid burns!
* * * LOW HITPOINT WARNING * * *
The jelly closely misses you.
You hit the jelly but do no damage.
Your claws burn!
* * * LOW HITPOINT WARNING * * *
The jelly is almost dead.
The hound bites you.
* * * LOW HITPOINT WARNING * * *
The water moccasin zombie bites you.
* * * LOW HITPOINT WARNING * * *
The hound bites you.
* * * LOW HITPOINT WARNING * * *
The jelly hits you.
* * * LOW HITPOINT WARNING * * *
You are splashed with acid!
The acid burns!
You die...

....?.. # ....... ###### #
......... #....##########
......... #..........##..
#.......#####....##......).
.........∩......>#.........
.........#.................
...........................
.........ZT................
.........hJ............#...
.................##.####.##
.......((........##.# ....
..................... ....
.................##... ....
................###.... ...
........##.....## ##.... .
.........##.#### .#.#...


You could see a hound, a jelly and a water moccasin zombie.

Vanquished Creatures
  Grinder (D:5)
  Menkaure (D:5)
  Duvessa (D:5)
  An ogre (D:4)
  Dowan (D:5)
  2 scorpions (D:4)
  The ghost of georgeearnest the Ruffian, a weakling DrMo of Makhleb (D:4)
  3 crimson imps
  A hound (D:2)
  3 orc priests
  An iguana (D:4)
  2 orc wizards
  3 worker ants
  A worker ant zombie (D:5)
  2 adders
  A worm (D:2)
  4 dart slugs
  A giant gecko (D:2)
  7 orcs
  4 giant cockroaches
  5 goblins
  8 hobgoblins
  A quokka (D:3)
  A ball python (D:4)
  8 bats
  A giant gecko skeleton (D:4)
  3 giant newts
  2 jackal skeletons (D:4)
  5 kobolds
  A quokka skeleton (D:4)
  9 rats
85 creatures vanquished.

Notes
Turn   | Place    | Note
--------------------------------------------------------------
     0 | D:1      | tyrsky the Troll Fighter began the quest for the Orb.
     0 | D:1      | Reached XP level 1. HP: 22/22 MP: 0/0
    61 | D:1      | Reached skill level 2 in Maces & Flails
   221 | D:2      | Reached XP level 2. HP: 29/29 MP: 1/1
   483 | D:2      | Reached skill level 3 in Maces & Flails
   599 | D:2      | Found a deep blue altar of Sif Muna.
   675 | D:2      | Reached XP level 3. HP: 36/36 MP: 2/2
  1027 | D:3      | Found a bloodstained altar of Trog.
  1070 | D:3      | Found a shattered altar of Ashenzari.
  1104 | D:3      | Reached skill level 4 in Maces & Flails
  1104 | D:3      | Reached XP level 4. HP: 44/44 MP: 3/3
  1198 | D:4      | Found Ihu Woaz's Magic Scroll Shop.
  1201 | D:4      | Bought a scroll of teleportation for 42 gold pieces
  1202 | D:4      | Noticed georgeearnest's ghost (weakling DrMo)
  1220 | D:4      | Noticed an ogre
  1438 | D:3      | Reached XP level 5. HP: 29/50 MP: 4/4
  1448 | D:3      | Reached skill level 5 in Maces & Flails
  1870 | D:4      | Reached XP level 6. HP: 49/59 MP: 5/5
  1910 | D:4      | Killed georgeearnest's ghost
  1910 | D:4      | Reached skill level 6 in Maces & Flails
  2291 | D:4      | Found a shimmering altar of Xom.
  2319 | D:5      | Entered Level 5 of the Dungeon
  2319 | D:5      | Noticed Grinder
  2404 | D:4      | Reached skill level 7 in Maces & Flails
  2404 | D:4      | Reached XP level 7. HP: 27/66 MP: 6/6
  2572 | D:5      | Noticed Duvessa
  2594 | D:5      | Killed Duvessa
  2602 | D:5      | Noticed Dowan
  2613 | D:5      | Killed Dowan
  2622 | D:5      | Noticed Menkaure
  2630 | D:5      | Killed Menkaure
  2630 | D:5      | Reached skill level 8 in Maces & Flails
  2853 | D:5      | Killed Grinder
  2853 | D:5      | Reached skill level 9 in Maces & Flails
  2853 | D:5      | Reached XP level 8. HP: 48/74 MP: 7/7
  2861 | D:5      | Found Umosuiph's Assorted Antiques.
  2925 | D:5      | Splashed by a jelly's acid

Skill      XL: |  1  2  3  4  5  6  7 |
---------------+----------------------+-----
Maces & Flails | 2 3 4 5 7 9 |  9.1
Fighting       | |  2.4
Dodging        | |  2.4
Shields        | |  2.4

Action                   |  1- 3 |  4- 6 |  7- 9 || total
-------------------------+-------+-------+-------++-------
Melee: Flail             |   144 |   109 |    85 ||   338
Throw: Stone             |    46 |    75 |    34 ||   155
  Use: Scroll            |       |     5 |       ||     5
       Potion            |       |     2 |       ||     2
  Eat: Chunk             |     5 |     4 |     9 ||    18
       Royal jelly       |     1 |       |       ||     1
       Bread ration      |       |     2 |       ||     2
Armor: Robe              |    60 |    27 |    11 ||    98
Dodge: Dodged            |    61 |    22 |    22 ||   105
Block: Shield            |    88 |    54 |    28 ||   170
